 Dungeon Sprint DCSS version 0.21-a0-536-gdbbf329 (webtiles) character file.

69 Ghella the Cudgeler (level 4, -12/49 HPs)
             Began as a Troll Berserker on Dec 15, 2017.
             Was a Priest of Trog.
             Mangled by a water elemental (18 damage)
             ... in the Dungeon (Sprint III: "The Ten Rune Challenge").
             The game lasted 00:01:02 (203 turns).

Ghella the Cudgeler (Troll Berserker)                Turns: 203, Time: 00:01:03

Health: -12/49     AC:  7    Str: 26      XL:     4   Next: 2%
Magic:  3/3        EV: 11    Int:  2 (3)  God:    Trog [***...]
Gold:   30         SH:  0    Dex:  9      Spells: 3/3 levels left

rFire    . . .     SeeInvis .   a - +0 mace
rCold    . . .     Gourm    +   (no shield)
rNeg     . . .     Faith    .   b - +0 animal skin
rPois    .         Spirit   .   (helmet restricted)
rElec    .         Reflect  .   (no cloak)
rCorr    .         Harm     .   (gloves unavailable)
MR       .....     Rnd*Rage +   (boots unavailable) Stlth +.........NoTele +
                                (no amulet)
HPRegen  0.56/turn              (no ring)
MPRegen  0.08/turn              (no ring)

@: engulfed (cannot breathe), berserk cooldown
A: large, unfitting armour, claws 3, iridescent scales 1, berserk 1,
deterioration 1, fast metabolism 3, gourmand, mutation resistance 1,
regeneration 1, shaggy fur 1, tough skin 2
a: Berserk, Trog's Hand, Burn Spellbooks, Renounce Religion


You were in the Dungeon.
You worshipped Trog.
Trog was most pleased with you.
You were very full.

You visited 1 branch You collected 30 gold pieces.

Inventory:

Hand Weapons
 a - a +0 mace (weapon)
Armour
 b - a +0 animal skin (worn)
Scrolls
 i - a scroll of blinking
 j - 3 scrolls of identify {unknown}
 k - 2 scrolls of holy word {unknown}
 l - 3 scrolls of remove curse
Potions
 d - a potion of curing
 e - a potion of heal wounds
 f - a potion of haste
 g - 2 potions of magic
 h - a potion of berserk rage
 n - 2 potions of flight {unknown}
 p - a potion of lignification {unknown}
Comestibles
 c - 2 bread rations
 m - a royal jelly
 o - 4 fruits


   Skills:
 + Level 4.4 Fighting
 + Level 5.3 Maces & Flails
 + Level 4.1 Dodging


You had 3 spell levels left.
You didn't know any spells.

Dungeon Overview and Level Annotations

Branches:
Dungeon (1/1)

Altars:


Innate Abilities, Weirdness & Mutations

You are too large for most types of armour.
You have claws for hands.
Your metabolism is lightning-fast.
You like to eat raw meat.
Your natural rate of healing is unusually fast.
You are covered in fur. (AC +1)
You have very tough skin. (AC +2)
You are partially covered in iridescent scales. (AC +2)
You tend to lose your temper in combat.
Your body sometimes deteriorates upon taking damage.
You are somewhat resistant to further mutation.


Message History

The water elemental misses you.
There is an open door to the Ecumenical Temple here.
You're still recovering from your berserk rage.
You hit the water elemental.
The water elemental is lightly damaged.
The water elemental hits you!
The water elemental engulfs you in water!
You're still recovering from your berserk rage.
Okay, then.
You hit the water elemental but do no damage.
The water elemental is lightly damaged.
Your lungs strain for air!
The water elemental hits you!
* * * LOW HITPOINT WARNING * * *
You sock the water elemental!
The water elemental is moderately damaged.
* * * LOW HITPOINT WARNING * * *
Your body deteriorates!
You feel dopey.
Your lungs strain for air!
The water elemental hits you. The water elemental hits you!!
You die...

▓▓▓▓▓▓▓ ▓▓▓ ..#...####
##.# ..#......#####..#
.##.......#..#..#
#.##.##...#..#..###+#+##
#.##.###..##'#..#.......
.####.##..###...@.⌠.....
###..##.)####...#E..####
.....##..###....#.⌠.#
##..##...##.....#...#
#..##....#......#+###
..###..##.#.....# ..#
#..#####....# ▓▓▓ ▓▓▓▓
▓▓▓▓▓▓


You could see a water elemental.

Vanquished Creatures
  Jessica (D)
  A human (D)
  A wolf (D)
  2 oozes (D)
  A rat (D)
6 creatures vanquished.

Vanquished Creatures (others)
  A draconian scorcher (D)
  4 hellions (D)
  A yaktaur (D)
6 creatures vanquished.

Grand Total: 12 creatures vanquished

Notes
Turn   | Place    | Note
-------+----------+-------------------------------------------
     0 | D        | Ghella the Troll Berserker began the quest for the Orb.
     0 | D        | Reached XP level 1. HP: 22/22 MP: 0/0
    11 | D        | Reached skill level 3 in Maces & Flails
    16 | D        | Reached XP level 2. HP: 25/31 MP: 1/1
    37 | D        | Killed a yaktaur
    64 | D        | Reached ** piety under Trog
    77 | D        | Noticed Jessica
    82 | D        | Killed Jessica
    82 | D        | Reached skill level 4 in Maces & Flails
    82 | D        | Reached XP level 3. HP: 39/39 MP: 2/2
   104 | D        | Killed a hellion
   105 | D        | Killed a hellion
   106 | D        | Killed a hellion
   118 | D        | Killed a hellion
   152 | D        | Reached *** piety under Trog
   152 | D        | Reached skill level 5 in Maces & Flails
   152 | D        | Reached XP level 4. HP: 49/49 MP: 3/3
   170 | D        | Killed a white draconian scorcher
   189 | D        | Gained mutation: You expend magic power (3 MP) to strengthen your wands. [potion of mutation]
   189 | D        | Gained mutation: You are robust. (+10% HP) [potion of mutation]
   190 | D        | Lost mutation: You are robust. (+10% HP) [potion of mutation]
   190 | D        | Gained mutation: You tend to lose your temper in combat. [potion of mutation]
   190 | D        | Gained mutation: You often lose your temper in combat. [potion of mutation]
   190 | D        | Gained mutation: You are partially covered in iridescent scales. (AC +2) [potion of mutation]
   191 | D        | Lost mutation: You expend magic power (3 MP) to strengthen your wands. [potion of mutation]
   191 | D        | Lost mutation: You often lose your temper in combat. [potion of mutation]
   191 | D        | Gained mutation: Your body sometimes deteriorates upon taking damage. [potion of mutation]
   191 | D        | Gained mutation: Your body often deteriorates upon taking damage. [potion of mutation]
   191 | D        | Gained mutation: You are somewhat resistant to further mutation. [potion of mutation]
   193 | D        | Lost mutation: Your body often deteriorates upon taking damage. [potion of mutation]
   199 | D        | Noticed a water elemental
   203 | D        | Mangled by a water elemental

Vault maps used:
D:        dungeon_sprint_mu

Skill      XL: |  1  2  3 |
---------------+----------+-----
Maces & Flails | 3 4 5 |  5.3
Fighting       | 3 4 |  4.4
Dodging        | 3 4 |  4.1

Action                   |  1- 3 |  4- 6 || total
-------------------------+-------+-------++-------
Melee: Mace              |    27 |     3 ||    30
Invok: Berserk           |     2 |       ||     2
  Use: Potion            |       |     4 ||     4
  Eat: Chunk             |     5 |     3 ||     8
Armor: Animal skin       |     3 |     1 ||     4
Dodge: Dodged            |    16 |     1 ||    17

Table legend:
 A = Spawn XP
 B = Non-spawn XP
 C = Spawn XP percentage of total XP
 D = Spawn monster count
 E = Non-spawn monster count
 F = Spawn count percentage of total count
 G = Total turns spent on level
                    A         B        C        D         E        F      G
               +---------+---------+-------+---------+---------+-------+---------
         Total |       0 |      99 |   0.0 |       0 |       6 |   0.0 |   203
               +---------+---------+-------+---------+---------+-------+---------
             D |       0 |      99 |   0.0 |       0 |       6 |   0.0 |   203
               +---------+---------+-------+---------+---------+-------+---------
